 Dungeon Crawl Stone Soup version 0.26-a0-1138-gef23d1325b (webtiles) character file.

Game seed: 8983493174330141211

112 ANON1729 the Poker (level 4, -10/34 HPs)
             Began as a Merfolk Gladiator on Dec 22, 2020.
             Killed by divine providence
             ... invoked by an orc priest
              (11 damage)
             ... on level 3 of the Dungeon.
             The game lasted 00:02:10 (2442 turns).

ANON1729 the Poker (Merfolk Gladiator)              Turns: 2442, Time: 00:02:11

Health: -10/34     AC:  4    Str: 15    XL:     4   Next: 93%
Magic:  4/4        EV: 14    Int:  7    God:
Gold:   92         SH:  0    Dex: 15    Spells: 3/3 levels left

rFire    . . .     SeeInvis .   a - +0 trident
rCold    . . .     Faith    .   (no shield)
rNeg     . . .     Spirit   .   b - +0 leather armour
rPois    .         Reflect  .   c - +0 helmet
rElec    .         Harm     .   (no cloak)
rCorr    .         Rampage  .   (no gloves)
Will     .....                  (no boots)
Stlth    +.........             (no amulet)
HPRegen  0.11/turn              (no ring)
MPRegen  0.09/turn              (no ring)

@: no status effects
A: change form in water, swift swim, stealthy swim
a: no special abilities


You were on level 3 of the Dungeon.
You visited 1 branch of the dungeon, and saw 3 of its levels.

You collected 92 gold pieces.

Inventory:

Hand Weapons
 a - a +0 trident (weapon)
Missiles
 d - 3 throwing nets (quivered)
Armour
 b - a +0 leather armour (worn)
 c - a +0 helmet (worn)
Jewellery
 f - an uncursed amulet of guardian spirit {unknown}
 i - an uncursed ring of protection from cold {unknown}
Scrolls
 g - a scroll of enchant armour {unknown}
 h - a scroll of immolation {unknown}
 k - 2 scrolls of teleportation {unknown}
 m - 2 scrolls of remove curse {unknown}
Potions
 e - 2 potions of heal wounds {unknown}
 j - a potion of resistance {unknown}
 l - a potion of curing {unknown}
 n - a potion of invisibility {unknown}


   Skills:
 - Level 2.4 Fighting
 + Level 7.5 Polearms
 - Level 2.2 Throwing
 - Level 4.2 Dodging


You had 3 spell levels left.
You didn't know any spells.
Your spell library was empty.

Dungeon Overview and Level Annotations

Branches:
Dungeon (3/15)

Altars:
Qazlal


Message History

The bat hits you but does no damage.
An orc priest comes into view. It is wielding a +0 flail.
The orc hits you.
You puncture the orc!
You kill the orc!
The bat hits you but does no damage.
You reach to attack!
You hit the bat but do no damage. The bat misses you.
The orc priest mumbles some strange prayers to Beogh against you.
Beogh smites you!
You hit the bat but do no damage. The bat closely misses you.
The bat hits you but does no damage. The orc wizard casts a spell at you.
The magic dart hits you.
The orc priest calls down the wrath of Beogh upon you.
Beogh smites you!
* * * LOW HITPOINT WARNING * * *
The bat completely misses you.
The orc priest invokes the aid of Beogh against you.
Beogh smites you!
You die...

###########
......).@(#
......†(†(#
......$†o.#
.........b#
....o.....#
...........
!.$...o...##
..........#
..........#


You could see an orc priest, an orc wizard, an orc and a bat.

Vanquished Creatures
  2 adders (D:2)
  2 oozes (D:1)
  5 worms (D:2)
  A dart slug (D:3)
  2 leopard geckos (D:1)
  4 orcs (D:3)
  3 bats
  3 giant cockroaches
  5 goblins
  5 hobgoblins
  8 jackals
  7 kobolds
  2 quokkas (D:2)
  6 frilled lizards
  6 rats
61 creatures vanquished.

Notes
Turn   | Place    | Note
-------+----------+-------------------------------------------
     0 | D:1      | ANON1729 the Merfolk Gladiator began the quest for the Orb.
     0 | D:1      | Reached XP level 1. HP: 16/16 MP: 1/1
   248 | D:1      | Reached XP level 2. HP: 15/23 MP: 2/2
   567 | D:1      | Reached skill level 5 in Polearms
   743 | D:1      | Reached XP level 3. HP: 26/28 MP: 3/3
  1133 | D:2      | Reached skill level 6 in Polearms
  1255 | D:2      | Reached XP level 4. HP: 21/34 MP: 4/4
  1762 | D:2      | Reached skill level 7 in Polearms
  2131 | D:2      | Found a stormy altar of Qazlal.
  2441 | D:3      | HP: 1/34 [orc priest/divine providence (14)]
  2442 | D:3      | Killed from afar by an orc priest

Illustrated notes

Levels and vault maps discovered:
D:1:      eino_arrival_water_cross, layout_rooms
D:2:      layout_basic, grunt_ministairs_2, nicolae_qazlal_general_emergency
D:3:      layout_rooms, evilmike_ruin_ashenzari, st_stairs_9,
          kennysheep_generic_room_14, uniq_crazy_yiuf_cottage

Skill      XL: |  1  2  3  4 |
---------------+-------------+-----
Polearms       | 5 6 7 |  7.5
Fighting       | |  2.4
Throwing       | |  2.2
Dodging        | |  4.2

Action                   |  1- 3 |  4- 6 || total
-------------------------+-------+-------++-------
Melee: Trident           |   103 |   104 ||   207
Armor: Leather armour    |    38 |    34 ||    72
Dodge: Dodged            |    81 |    94 ||   175

Table legend: (Time is in decaauts)
 A = Elapsed time spent in this place.
 B = Non-inter-level travel time spent in this place.
 C = Inter-level travel time spent in this place.
 D = Time resting spent in this place.
 E = Time spent auto-exploring this place.
 F = Levels seen in this place.
 G = Mean time per level.
                   A        B        C        D        E       F      G
               +--------+--------+--------+--------+--------+-----+--------+
         Total |   2438 |   2401 |     37 |    438 |   1608 |   3 |  812.7 |
       Dungeon |   2438 |   2401 |     37 |    438 |   1608 |   3 |  812.7 |
               +--------+--------+--------+--------+--------+-----+--------+

Top non-repeatable levels by time:
     D:2: 1336 daAuts
     D:1: 1061 daAuts
     D:3: 40 daAuts
